 Dungeon Crawl Stone Soup version 0.31-a0-344-gd109795599 (webtiles) character file.

Game seed: 5390856141789703776

73 sankara the Ruffian (level 4, 41/41 HPs)
             Began as a Troll Shapeshifter on July 21, 2023.
             Got out of the dungeon alive.
             The game lasted 00:05:06 (1465 turns).

sankara the Ruffian (Troll Shapeshifter)            Turns: 1465, Time: 00:05:07

Health: 41/41      AC:  4    Str: 23    XL:     4   Next: 8%
Magic:  3/3        EV: 10    Int:  4    God:
Gold:   103        SH:  0    Dex: 12    Spells: 3/3 levels left

rFire   . .          .
                       - Unarmed
rCold   . . .        (no shield)
rNeg    . . .        a - +0 animal skin
rPois   .            (helmet currently unavailable)
rElec   .            (cloak currently unavailable)
rCorr   .            (gloves unavailable)
SInv    .            (boots unavailable)
Will    .....        (no amulet)
Stlth   +            (no ring)
HPRegen 1.06/turn    (no ring)
MPRegen 0.08/turn

%: no passive effects
@: beast-form
A: beast (slay +2), large, unfitting armour, claws 3, regeneration 1, shaggy fur
1, tough skin 1
a: Begin Untransformation


You escaped.
You were a hulking beast.
You visited 1 branch of the dungeon, and saw 2 of its levels.

You collected 103 gold pieces.

Inventory:

Armour
 a - a +0 animal skin (worn)
 f - a +0 robe
   (You found it on level 1 of the Dungeon)
Talismans
 c - a beast talisman
Wands
 j - a wand of flame (20)
   (You took it off Terence on level 2 of the Dungeon)
Scrolls
 d - 2 scrolls of identify {unknown}
 e - a scroll of revelation {unknown}
 h - a scroll of noise {unknown}
Potions
 b - a potion of lignification {!q}
 g - 2 potions of curing {unknown}
 i - 2 potions of mutation {unknown}


   Skills:
 + Level 1.5 Fighting
 + Level 2.1 Dodging
 * Level 3.9 Unarmed Combat
 + Level 3.3 Shapeshifting


You had 3 spell levels left.
You didn't know any spells.
Your spell library contained the following spells:

 Spells                   Type           Power      Damage    Failure   Level
 Frozen Ramparts          Ice            0%         1d1       86%         3
 Petrify                  Tmut/Erth      0%         N/A       99%         4
 Metabolic Englaciation   Hex/Ice        0%         N/A       100%        5
 Conjure Ball Lightning   Conj/Air       0%         3x3d6     100%        6
 Discord                  Hex            0%         N/A       100%        8
 Disjunction              Tloc           0%         N/A       100%        8


Dungeon Overview and Level Annotations

Branches:
Dungeon (2/15)

Altars:

Shops:
D:2 *


Innate Abilities, Weirdness & Mutations

You are a hulking beast.
Your limbs bulge with bestial killing power. (Slay +2)
You are too large for most types of armour.
You have claws for hands.
Your natural rate of healing is unusually fast.
You are covered in fur. (AC +1)
You have tough skin. (AC +1)


Message History

The goblin hits you but does no damage.
You claw the goblin!
You kill the goblin!
You have reached level 4!
You open the door.
There is an open door here.
Found a faded altar of an unknown god.
A goblin comes into view. It is wielding a +0 club.
A bat and an endoplasm come into view.
The goblin shouts!
The endoplasm quivers.
You scratch the bat.
The bat is severely wounded.
The bat hits you but does no damage.
You claw the goblin!
You kill the goblin!
The bat hits you but does no damage.
A quokka comes into view.
You completely miss the bat.
The bat is heavily wounded.
The bat hits you. The bat hits you but does no damage.
The endoplasm closely misses you.
Things that are here:
a +0 club; a goblin corpse You scratch the bat.
You kill the bat!
The endoplasm freezes you.
You are frozen.
You scratch the endoplasm.
The endoplasm is moderately wounded.
The endoplasm freezes you.
You are frozen.
You claw the endoplasm!
You kill the endoplasm!
You claw the quokka!
You kill the quokka!
No target in view!
No target in view!
No target in view!
No target in view!
No target in view!
No target in view!
No target in view!
No target in view!
No target in view!
No target in view!
No target in view!
No target in view!
No target in view!
No target in view!
There is a faded altar of an unknown god here.
You see here a +0 dagger.
You open the door.
A goblin comes into view. It is wielding a +0 dagger.
There is an open door here.
A goblin is nearby!
The goblin shouts!
You claw the goblin!
You kill the goblin!
No target in view!
No target in view!
No target in view!
No target in view!
No target in view!
No target in view!
No target in view!
No target in view!
No target in view!
No target in view!
No target in view!
No target in view!
No target in view!
No target in view!
No target in view!
You open the door.
Key pressed, stopping explore.
No target in view!
Found a stone staircase leading down.
Found an escape hatch in the floor.
There is a stone staircase leading down here.
There is an escape hatch in the floor here.
Key pressed, stopping explore.
Key pressed, stopping explore.
You see here a +0 dagger.
There is an open door here.
You now have 103 gold pieces (gained 11).
Key pressed, stopping explore.
Key pressed, stopping explore.
No target in view!
There is an open door here.
You see here a +0 club.
Done exploring.
Done exploring.
There is an escape hatch in the ceiling here.
A mysterious force pulls you upwards. The hatch slams shut behind you.
Unknown command.
There is an open door here.
There is a staircase leading out of the dungeon here.
Are you sure you want to leave the Dungeon?
This will make you lose the game!
You have escaped!

≈###.......)..#############.###.#
###.#..######.#...#...#...#......
##............'.⌠.#.⌠...⌠.#.....)
..###..#####..#...#...#...#.....#
.......# #..##.###.###.##......
..###..#####..##.# #.# #.##......
..............##.###.###.##.###.#
..............#...#...#...#.# #.#
...##..##.##..#.h.#.⌠.#.⌠.#.# #.#
......(.......#...#...#...#.###.#
.......##.##..##.###.###.##......
.......##.##..##.# #.# #.##.###.#
..........##..##.###.###.##.# #.#
######'.......#...#...#...#.# #.#
#≈.)..#.......#.⌠...⌠.#.⌠.'.###.#
#≈....###.##..#...#...#...#......
#≈....#.......#############.###.#


There were no monsters in sight!

Vanquished Creatures
  Terence (D:2)
  7 bats
  4 endoplasms
  4 giant cockroaches
  10 goblins
  A hobgoblin (D:1)
  3 quokkas
  3 ball pythons
  3 frilled lizards (D:1)
  5 kobolds
  4 rats
45 creatures vanquished.

Notes
Turn   | Place    | Note
-------+----------+-------------------------------------------
     0 | D:1      | sankara the Troll Shapeshifter began the quest for the Orb.
     0 | D:1      | Reached XP level 1. HP: 18/18 MP: 0/0
    78 | D:1      | Reached skill level 1 in Fighting
   115 | D:1      | Reached XP level 2. HP: 27/27 MP: 1/1
   991 | D:2      | Found Jerhaew's Assorted Antiques.
   994 | D:2      | Reached XP level 3. HP: 33/33 MP: 2/2
  1067 | D:2      | Noticed Terence
  1074 | D:2      | Killed Terence
  1075 | D:2      | Reached skill level 2 in Dodging
  1314 | D:2      | Reached XP level 4. HP: 41/41 MP: 3/3
  1318 | D:2      | Found a faded altar of an unknown god.
  1465 | D:$      | Got out of the dungeon alive.

Illustrated notes

Levels and vault maps discovered:
D:1:      minmay_arrival_nine_rooms, layout_basic, serial_rivers,
          chequers_serial_rivers_large_a, chequers_serial_rivers_room_a,
          chequers_serial_rivers_micro_a, chequers_serial_rivers_marsh,
          chequers_serial_rivers_small_3, chequers_serial_rivers_small_3
D:2:      layout_basic, ebering_ecumenical_altar_sacrificial, serial_shops,
          shop, uniq_terence

Skill      XL: |  1  2  3 |
---------------+----------+-----
Fighting       | 1 |  1.5
Dodging        | 2 |  2.1
Unarmed Combat | |  3.9
Shapeshifting  | |  3.3

Action                     |  1- 3 |  4- 6 || total
---------------------------+-------+-------++-------
  Melee: Unarmed           |    68 |     8 ||    76
         Punch             |     1 |       ||     1
   Stab: Sleeping          |     2 |       ||     2
 Armour: Animal skin       |    16 |     3 ||    19
  Dodge: Dodged            |    34 |     1 ||    35

Table legend: (Time is in decaauts)
 A = Elapsed time spent in this place.
 B = Non-inter-level travel time spent in this place.
 C = Inter-level travel time spent in this place.
 D = Time resting spent in this place.
 E = Time spent auto-exploring this place.
 F = Levels seen in this place.
 G = Mean time per level.
                   A        B        C        D        E       F      G
               +--------+--------+--------+--------+--------+-----+--------+
         Total |   1459 |   1395 |     64 |      0 |   1170 |   2 |  729.5 |
       Dungeon |   1459 |   1395 |     64 |      0 |   1170 |   2 |  729.5 |
               +--------+--------+--------+--------+--------+-----+--------+

Top non-repeatable levels by time:
     D:1: 1020 daAuts
     D:2: 439 daAuts

Levels and vault maps discovered:
D:1:      minmay_arrival_nine_rooms, layout_basic, serial_rivers,
          chequers_serial_rivers_large_a, chequers_serial_rivers_room_a,
          chequers_serial_rivers_micro_a, chequers_serial_rivers_marsh,
          chequers_serial_rivers_small_3, chequers_serial_rivers_small_3
D:2:      layout_basic, ebering_ecumenical_altar_sacrificial, serial_shops,
          shop, uniq_terence

Table legend: (Time is in decaauts)
 A = Elapsed time spent in this place.
 B = Non-inter-level travel time spent in this place.
 C = Inter-level travel time spent in this place.
 D = Time resting spent in this place.
 E = Time spent auto-exploring this place.
 F = Levels seen in this place.
 G = Mean time per level.
                   A        B        C        D        E       F      G
               +--------+--------+--------+--------+--------+-----+--------+
         Total |   1459 |   1395 |     64 |      0 |   1170 |   2 |  729.5 |
       Dungeon |   1459 |   1395 |     64 |      0 |   1170 |   2 |  729.5 |
               +--------+--------+--------+--------+--------+-----+--------+

Top non-repeatable levels by time:
     D:1: 1020 daAuts
     D:2: 439 daAuts

Table legend:
 A = Kills in this place as a percentage of kills in the entire game.
 B = Kills by you in this place as a percentage of kills by you in the entire game.
 C = Kills by friends in this place as a percentage of kills by friends in the entire game.
 D = Other kills in this place as a percentage of other kills in the entire game.
 E = Experience gained in this place as a percentage of experience gained in the entire game.
 F = Experience gained in this place divided by the number of levels of this place that you have seen.
                   A       B       C       D       E      F
               +-------+-------+-------+-------+-------+----------------------
         Total | 100.0 | 100.0 |   N/A |   N/A | 100.0 |  52.5
       Dungeon | 100.0 | 100.0 |   N/A |   N/A | 100.0 |  52.5
               +-------+-------+-------+-------+-------+----------------------
